 Dungeon Crawl Stone Soup version 0.27-a0-70-g58928b186a (webtiles) character file.

Game seed: 2311114597380855772

175 Morbidden the Chucker (level 5, 0/40 (49) HPs)
             Began as a Troll Hunter on Jan 10, 2021.
             Slain by a wight
             ... wielding a +0 trident of freezing
              (5 damage)
             ... on level 3 of the Dungeon.
             The game lasted 00:02:32 (1658 turns).

Morbidden the Chucker (Troll Hunter)                Turns: 1658, Time: 00:02:32

HP:   0/40 (49)     AC:  6    Str: 20    XL:     5   Next: 29%
MP:   5/5           EV: 10    Int:  8    God:
Gold: 169           SH:  0    Dex: 10    Spells: 5/5 levels left

rFire    . . .     SeeInvis .     - Unarmed
rCold    . . .     Faith    .   (no shield)
rNeg     . . .     Spirit   .   b - +0 robe
rPois    .         Reflect  .   (helmet restricted)
rElec    .         Harm     .   (no cloak)
rCorr    .         Rampage  .   (gloves unavailable)
Will     .....                  (boots unavailable)
Stlth    +.........             (no amulet)
HPRegen  0.53/turn              (no ring)
MPRegen  0.09/turn              (no ring)

@: heavily drained
A: large, unfitting armour, claws 3, regeneration 1, shaggy fur 1, tough skin 3
a: no special abilities


You were on level 3 of the Dungeon.
You visited 1 branch of the dungeon, and saw 3 of its levels.

You collected 169 gold pieces.

Inventory:

Missiles
 a - 61 sling bullets
 c - 5 large rocks
 d - 2 throwing nets
 f - 75 stones
 m - 6 poisoned darts (quivered)
Armour
 b - a +0 robe (worn)
Jewellery
 e - an uncursed ring of fire
Scrolls
 i - 2 scrolls of identify {unknown}
 j - 2 scrolls of teleportation {unknown}
 n - a scroll of enchant armour {unknown}
 o - a scroll of blinking {unknown}
Potions
 g - a potion of haste {unknown}
 h - a potion of lignification {unknown}
 k - a potion of flight {unknown}
 l - 2 potions of curing {unknown}


   Skills:
 * Level 2.2 Fighting
 * Level 4.4 Throwing
 * Level 2.6 Dodging
 + Level 0.6 Stealth
 + Level 1.8 Unarmed Combat
 * Level 0.6 Spellcasting


You had 5 spell levels left.
You didn't know any spells.
Your spell library was empty.

Dungeon Overview and Level Annotations

Branches:
Dungeon (3/15)

Altars:
Dithmenos
Kikubaaqudgha
Yredelemnul

Annotations:
D:2 2 transporters, Menkaure


Innate Abilities, Weirdness & Mutations

You are too large for most types of armour.
You have claws for hands.
Your natural rate of healing is unusually fast.
You are covered in fur. (AC +1)
You have extremely tough skin. (AC +3)


Message History

Unknown command.
Things that are here:
a cursed +0 falchion; a +0 robe You can't go up here!
There is a stone staircase leading up here.
You climb upwards.
Level annotation: 2 transporters, Menkaure
There is a stone staircase leading down here.
Key pressed, stopping travel.
You climb downwards.
The wight hits you from afar with a +0 trident of freezing.
The wight freezes you.
The wight hits you from afar with a +0 trident of freezing.
You feel drained. The wight freezes you.
There is a stone staircase leading up here.
Unknown command.
The wight hits you from afar with a +0 trident of freezing!
* * * LOW HITPOINT WARNING * * *
The wight freezes you.
You die...

. ### ..
.########.# ..
..........###.#
########).....#
#...####
#...#@# #...#.#
#...#z# #...#z#
#..z#.# #).z#.#
#...#.# #...#.#
#...#.#


You could see 2 wights.

Vanquished Creatures
  A wight (D:3)
  Natasha (thrice) (D:2)
  2 adders (D:2)
  2 dart slugs
  A ball python (D:2)
  3 bats
  4 giant cockroaches (D:1)
  7 goblins
  4 hobgoblins
  2 jackals (D:2)
  6 kobolds
  2 frilled lizards
  4 rats
41 creatures vanquished.

Notes
Turn   | Place    | Note
-------+----------+-------------------------------------------
     0 | D:1      | Morbidden the Troll Hunter began the quest for the Orb.
     0 | D:1      | Reached XP level 1. HP: 19/19 MP: 0/0
   209 | D:1      | Reached XP level 2. HP: 26/28 MP: 1/1
   544 | D:1      | Reached skill level 4 in Throwing
   735 | D:2      | Reached XP level 3. HP: 35/35 MP: 2/2
   750 | D:2      | Found a transporter.
   767 | D:2      | Found a transporter.
   933 | D:2      | Found a shadowy altar of Dithmenos.
  1004 | D:2      | Found an ancient bone altar of Kikubaaqudgha.
  1005 | D:2      | Noticed Menkaure
  1106 | D:2      | Noticed Natasha
  1108 | D:2      | Found a basalt altar of Yredelemnul.
  1116 | D:2      | Killed Natasha
  1117 | D:2      | Reached skill level 1 in Unarmed Combat
  1117 | D:2      | Reached XP level 4. HP: 11/42 MP: 3/3
  1235 | D:2      | Noticed Natasha
  1243 | D:2      | Killed Natasha
  1377 | D:2      | Noticed Natasha
  1390 | D:2      | Killed Natasha
  1600 | D:3      | Reached XP level 5. HP: 37/49 MP: 3/5
  1658 | D:3      | Slain by a wight

Illustrated notes

Levels and vault maps discovered:
D:1:      shiori_arrival_maze, layout_basic, minmay_curled_crystal
D:2:      layout_loops_ring, gammafunk_temple_of_torment,
          kennysheep_minor_cross, lemuel_statue_altar, uniq_natasha
D:3:      layout_basic, bh_walls_and_bars, uniq_jessica

Skill      XL: |  1  2  3 |
---------------+----------+-----
Throwing       | 4 |  4.4
Fighting       | 2 |  2.2
Dodging        | 2 |  2.6
Unarmed Combat | 1 |  1.8
Stealth        | |  0.6
Spellcasting   | |  0.6

Action                   |  1- 3 |  4- 6 || total
-------------------------+-------+-------++-------
Melee: Unarmed           |   121 |    39 ||   160
Throw: Large rock        |     3 |     1 ||     4
       Stone             |     1 |       ||     1
       Dart              |       |    11 ||    11
Armor: Robe              |    48 |    11 ||    59
Dodge: Dodged            |    59 |    22 ||    81

Table legend: (Time is in decaauts)
 A = Elapsed time spent in this place.
 B = Non-inter-level travel time spent in this place.
 C = Inter-level travel time spent in this place.
 D = Time resting spent in this place.
 E = Time spent auto-exploring this place.
 F = Levels seen in this place.
 G = Mean time per level.
                   A        B        C        D        E       F      G
               +--------+--------+--------+--------+--------+-----+--------+
         Total |   1657 |   1635 |     22 |      0 |   1276 |   3 |  552.3 |
       Dungeon |   1657 |   1635 |     22 |      0 |   1276 |   3 |  552.3 |
               +--------+--------+--------+--------+--------+-----+--------+

Top non-repeatable levels by time:
     D:2: 862 daAuts
     D:1: 703 daAuts
     D:3: 90 daAuts
